 Dungeon Crawl Stone Soup version 0.32-a0-361-g289a535e89 (webtiles) character file.

Game seed: 12018021590447117626

291387 Drazool the Pyromancer (level 19, -4/163 HPs)
             Began as a Mountain Dwarf Fire Elementalist on Feb 15, 2024.
             Was the Champion of Cheibriados.
             Slain by a dire elephant (25 damage)
             ... on level 1 of the Vaults on Feb 18, 2024.
             The game lasted 03:29:30 (51916 turns).

Drazool the Pyromancer (MDFE)                      Turns: 51916, Time: 03:29:32

Health: -4/163     AC: 28    Str: 29    XL:     19   Next: 96%
Magic:  41/55      EV: 10    Int: 43    God:    Cheibriados [******]
Gold:   1127       SH:  4    Dex: 27    Spells: 4/46 levels left

rFire   + . .        x - +4 whip of the Ageing Enemy {freeze, rPois Will+++ MP+9 Dex-2}
rCold   + . .        U - orb {*channel}
rNeg    + + +        R - +2 storm dragon scales {Bai Suzhen}
rPois   +            j - +3 hat of the Devil's Advocate {Fly rElec Str+3 Stlth+}
rElec   +            i - scarf {rC+ rF+}
rCorr   .            z - +2 pair of gloves {infuse}
SInv    .            a - +2 pair of boots of Dogma {rElec rN+++ Regen+ Slay-4}
Will    ++++.        o - amulet of the acrobat
Stlth   +            M - ring of magical power
HPRegen 1.27/turn    I - +6 ring of intelligence
MPRegen 0.34/turn

%: acrobat, channel magic (20%), infuse magic (1 MP)
@: flying, studying Stealth, very slow
A: runic magic, artefact enchanting, talons 1, large bone plates 1, agile 1
}: 2/15 runes: serpentine, barnacled
a: Renounce Religion, Bend Time, Temporal Distortion, Slouch, Step From Time


You were on level 1 of the Vaults.
You worshipped Cheibriados.
Cheibriados was exalted by your worship.
You visited 7 branches of the dungeon, and saw 34 of its levels.
You visited 2 bazaars.
You also visited: Sewer, Gauntlet and Ice Cave.

You collected 5899 gold pieces.
You spent 4772 gold pieces at shops.


Innate Abilities, Weirdness & Mutations

Your spellcasting is much less encumbered by armour.
You can use scrolls of enchantment on lesser artefacts.
You have sharp toenails.
You are partially covered in large bone plates. (SH +4)
You are agile. (Dex +4, Str/Int -1)


   Skills:
 - Level 13.0 Fighting
 - Level 6.0 Maces & Flails
 - Level 14.0 Armour
 - Level 1.3 Dodging
 - Level 1.4 Stealth
 - Level 14.0 Spellcasting
 - Level 13.2 Conjurations
 - Level 11.0 Hexes
 + Level 21.9 Fire Magic
 - Level 8.0 Alchemy
 - Level 12.0 Invocations
 - Level 4.0 Evocations


You had 4 spell levels left.
You knew the following spells:

 Your Spells              Type           Power      Damage    Failure   Level
d - Tukima's Dance        Hex            90%        N/A       1%          3
f - Foxfire               Conj/Fire      100%       2x1d9     1%          1
l - Fireball              Conj/Fire      55%        3d21      1%          5
m - Fire Storm            Conj/Fire      55%        8d14      86%         9
p - Fulminant Prism       Conj/Alch      44%        3d19      1%          4
r - Inner Flame           Hex/Fire       100%       N/A       1%          3
s - Searing Ray           Conj           100%       2d8       1%          2
y - Sticky Flame          Fire/Alch      100%       2d15      1%          4
X - Scorch                Fire           100%       2d9       1%          2
Y - Yara's Violent Unrav  Hex/Alch       42%        3d17      4%          5
Z - Flame Wave            Conj/Fire      100%       2d21      1%          4

Your spell library contained the following spells:

 Spells                   Type           Power      Damage    Failure   Level
 Magic Dart               Conj           100%       1d8       1%          1
 Shock                    Conj/Air       100%       1d9       1%          1
 Sting                    Conj/Alch      100%       1d9       1%          1
 Jinxbite                 Hex            100%       N/A       1%          2
 Static Discharge         Conj/Air       100%       3-8/arc   1%          2
 Dazzling Flash           Conj/Hex       100%       N/A       1%          3
 Volatile Blastmotes      Fire/Tloc      100%       2d18      1%          3
 Cause Fear               Hex            45%        N/A       1%          4
 Ignite Poison            Fire/Alch      100%       N/A       1%          4
 Ensorcelled Hibernation  Hex/Ice        100%       N/A       2%          2
 Mephitic Cloud           Conj/Alch/Air  74%        N/A       2%          3
 Cigotuvi's Dreadful Rot  Necr/Alch/Air  100%       N/A       4%          2
 Brom's Barrelling Bould  Conj/Erth      72%        2d9       4%          4
 Apportation              Tloc           60%        N/A       6%          1
 Necrotise                Necr           100%       1d9       6%          1
 Summon Small Mammal      Summ           100%       N/A       6%          1
 Anguish                  Hex/Necr       33%        N/A       6%          4
 Lesser Beckoning         Tloc           60%        N/A       8%          2
 Fugue of the Fallen      Necr           30%        N/A       12%         3
 Gell's Gravitas          Tloc           30%        N/A       12%         3
 Passwall                 Erth           30%        N/A       12%         3
 Swiftness                Air            30%        N/A       12%         3
 Teleport Other           Tloc           30%        N/A       12%         3
 Airstrike                Air            15%        2d(3-19)  30%         4
 Dispel Undead            Necr           30%        3d14      30%         4
 Martyr's Knell           Necr/Summ      30%        N/A       30%         4
 Passage of Golubria      Tloc           30%        N/A       30%         4
 Summon Lightning Spire   Summ/Air       30%        N/A       30%         4
 Iskenderun's Battlesphe  Conj           97%        2d14      1%          5
 Alistair's Intoxication  Alch           52%        N/A       6%          5
 Silence                  Hex/Air        33%        N/A       12%         5
 Orb of Destruction       Conj           48%        9d13      14%         7
 Freezing Cloud           Conj/Ice/Air   30%        6-21      17%         5
 Eringya's Noxious Bog    Alch           39%        4d6       21%         6
 Enfeeble                 Hex            45%        N/A       28%         7
 Conjure Ball Lightning   Conj/Air       36%        3x3d12    30%         6
 Borgnjor's Vile Clutch   Necr/Erth      15%        N/A       56%         5
 Curse of Agony           Necr           30%        N/A       56%         5
 Death Channel            Necr           15%        N/A       97%         6
 Haunt                    Necr/Summ      15%        N/A       100%        7
 Borgnjor's Revivificati  Necr           15%        N/A       100%        8
 Chain Lightning          Conj/Air       36%        3d48      100%        9
 Death's Door             Necr           15%        N/A       100%        9
 Shatter                  Erth           15%        3d15*     100%        9

Inventory:

Hand Weapons
 x - the +4 whip of the Ageing Enemy (weapon) {freeze, rPois Will+++ MP+9 Dex-2}
   (You found it on level 5 of the Dungeon)

   Dex-2:     It affects your dexterity (-2).
   rPois:     It protects you from poison Will+++: It greatly increases your
   willpower.
   MP+9:      It affects your magic capacity (+9).
Missiles
 H - 4 throwing nets {=f}
Armour
 a - the +2 pair of boots of Dogma (worn) {rElec rN+++ Regen+ Slay-4}
   (You acquired it in a bazaar)

   Slay-4:    It affects your accuracy & damage with ranged weapons and melee
   (-4).
   rElec:     It insulates you from electricity.
   rN+++:     It renders you almost immune to negative energy.
   Regen+:    It increases your rate of health regeneration.
 i - a scarf of resistance (worn)
 j - the +3 hat of the Devil's Advocate (worn) {Fly rElec Str+3 Stlth+}
   (You found it in a Gauntlet)

   Str+3:     It affects your strength (+3).
   rElec:     It insulates you from electricity.
   Fly:       It grants you flight.
   Stlth+:    It makes you more stealthy.
 z - a +2 pair of gloves of infusion (worn)
 R - +2 storm dragon scales (worn) {Bai Suzhen}
 U - an orb of energy (worn)
 V - the +3 pair of boots of Boiling Hail {rC+ Regen+}
   (You found it on level 3 of the Elven Halls)

   rC+:       It protects you from cold.
   Regen+:    It increases your rate of health regeneration.
Magical Staves
 Z - a staff of cold {!a}
Jewellery
 n - the ring of Adwaeher {rC+ Dex+2}
   (You took it off a deep elf annihilator on level 3 of the Elven Halls)

   [ring of protection from cold]

   Dex+2:     It affects your dexterity (+2).
   rC+:       It protects you from cold.
 o - an amulet of the acrobat (around neck)
 p - the amulet "Weos" {Reflect +Inv Will- Dex+8 SH+5}
   (You took it off a deep elf sorcerer on level 3 of the Elven Halls)

   [amulet of reflection]

   Reflect:   It reflects blocked missile attacks.
   Dex+8:     It affects your dexterity (+8).
   Will-:     It decreases your willpower.
   +Inv:      It lets you turn invisible.
   SH+5:      It affects your SH (+5).
 t - the ring of the Invisible Hand {rElec rF+ rN+}
   (You found it in a Gauntlet)

   [ring of positive energy]

   rF+:       It protects you from fire.
   rElec:     It insulates you from electricity.
   rN+:       It protects you from negative energy.
 v - a ring of see invisible
 F - a ring of fire
 I - a +6 ring of intelligence (right hand)
 M - a ring of magical power (left hand)
 W - a ring of willpower
 Y - a +4 ring of slaying
Wands
 e - a wand of quicksilver (6)
 h - a wand of polymorph (19)
 l - a wand of paralysis (29)
 s - a wand of roots (14)
 J - a wand of flame (78)
 O - a wand of digging (7)
 P - a wand of mindburst (24)
Scrolls
 b - 2 scrolls of blinking
 c - a scroll of enchant armour
 d - 2 scrolls of brand weapon
 g - 10 scrolls of teleportation {@r2}
 k - 5 scrolls of fear
 u - 7 scrolls of fog
 w - 2 scrolls of enchant weapon
 y - 7 scrolls of vulnerability
 C - a scroll of silence {!r}
 D - 3 scrolls of poison
 Q - 3 scrolls of amnesia
Potions
 f - 6 potions of enlightenment
 m - 8 potions of heal wounds {@q2}
 q - 17 potions of curing {@q1}
 r - 6 potions of lignification
 A - 5 potions of brilliance
 B - 4 potions of cancellation
 E - a potion of mutation
 G - a potion of ambrosia
 N - 3 potions of invisibility
 S - 7 potions of might
 T - a potion of attraction
 X - 2 potions of resistance
Miscellaneous
 K - a sack of spiders
 L - a phantom mirror

Dungeon Overview and Level Annotations

Branches:
Dungeon (15/15)            Temple (0/1) D:4            Lair (5/5) D:9
 Shoals (4/4) Lair:2        Snake (4/4) Lair:2        Slime (0/5) Lair:5
    Orc (2/2) D:12            Elf (3/3) Orc:2        Vaults (1/5) D:14
 Depths (0/4) D:15          Sewer (visited)           IceCv (visited)
Gauntlet (visited)

Altars:
Ashenzari
Cheibriados
Dithmenos
Elyvilon
Fedhas
Gozag
Hepliaklqana
Kikubaaqudgha
Makhleb
Qazlal
Ru
Sif Muna
Wu Jian
Yredelemnul
Zin
The Shining One
Beogh

Shops:
D:6 ?   D:10 *   Orc:2 :*[(   Elf:3 !   Shoals:2 =   Shoals:3 *   Snake:1 !
Snake:2 =   Snake:3 *

Portals:
Hell: Lair:5
Trove: D:15 (give +2 fire dragon scales)

Annotations:
D:3 1 runed translucent door, exclusion: oklob plant, Azoth's ghost, amateur MDMo
Lair:1 3 runed translucent doors, Oneirical's ghost, novice FeWr
Elf:2 3 runed translucent doors
Elf:3 3 runed translucent doors

..................▒
.............[....▒
..................▒
▒.................▒
▒...........)÷....▒
▒...▒▒▒▒▒▒▒▒▒[....▒
▒ ▒▒.▒.▒▒▒.....▒
▒▒^....▒▒))...▒
▒......@Y.)...▒
▒▒[.∩..▒▒.....▒
▒....[..▒.)...▒
▒▒^...^▒▒.†.Y.▒
▒▒.▒.▒▒▒.....▒
▒▒▒▒▒ ▒.....▒
.......▒ ▒▒▒▒▒▒..▒
▒..▒


You could see 2 dire elephants.


Message History

* * * LOW HITPOINT WARNING * * *
You are shoved backwards!
The dire elephant tramples you but does no damage.
The dire elephant trunk-slaps you.
* * * LOW HITPOINT WARNING * * *
You see here a +0 arbalest.
As you read the scroll of fear, it crumbles to dust.
You assume a fearsome visage.
The dire elephant resists with some effort.
The dire elephant resists with almost no effort.
The dire elephant tramples you!
* * * LOW HITPOINT WARNING * * *
You are shoved backwards!
As you read the scroll of fear, it crumbles to dust.
You assume a fearsome visage.
The dire elephant looks frightened! x2
You see here a +0 arbalest.
The dire elephant seems to regain its courage.
The dire elephant tramples you!
* * * LOW HITPOINT WARNING * * *
You hold your ground!
The dire elephant misses you.
There is an open door here.
The dire elephant closely misses you.
The dire elephant completely misses you.
As you read the scroll of fear, it crumbles to dust.
You assume a fearsome visage.
The dire elephant resists with some effort.
The dire elephant seems to regain its courage.
The dire elephant tramples you!!
You die...
Cheibriados appreciates the motionlessness of death.

Skill      XL: |  1  2  3  4  5  6  7  8  9 10 11 12 13 14 15 16 17 18 19 |
---------------+----------------------------------------------------------+-----
Fire Magic     | 4 5 6 7 8 9 10 12 14 17 21 | 21.9
Spellcasting   | 3 4 6 8 9 10 11 12 14 | 14.0
Armour         | 1 3 5 7 8 10 11 12 14 | 14.0
Invocations    | 3 6 7 9 11 12 | 12.0
Conjurations   | 2 3 4 5 6 8 9 12 13 | 13.2
Fighting       | 3 4 5 8 10 11 13 | 13.0
Evocations     | 1 3 4 |  4.0
Hexes          | 3 5 10 11 | 11.0
Alchemy        | 2 4 6 8 |  8.0
Maces & Flails | 6 |  6.0
Dodging        | |  1.3
Stealth        | |  1.4

Action                     |  1- 3 |  4- 6 |  7- 9 | 10-12 | 13-15 | 16-18 | 19-21 || total
---------------------------+-------+-------+-------+-------+-------+-------+-------++-------
  Melee: Unarmed           |       |     1 |       |       |       |       |       ||     1
         Morningstar       |       |     4 |       |       |       |       |       ||     4
         Whip              |       |       |     1 |    24 |    88 |   101 |    24 ||   238
         Kick              |       |       |       |       |       |     8 |       ||     8
   Cast: Foxfire           |    63 |   136 |   108 |   239 |   325 |     4 |       ||   875
         Scorch            |     3 |    38 |    50 |   102 |   149 |     9 |       ||   351
         Flame Wave        |       |       |    14 |    67 |   190 |    45 |       ||   316
         Inner Flame       |       |       |       |     1 |       |       |       ||     1
         Fulminant Prism   |       |       |       |     1 |    83 |   116 |     7 ||   207
         Tukima's Dance    |       |       |       |       |    46 |   124 |     1 ||   171
         Fireball          |       |       |       |       |    44 |   475 |   183 ||   702
         Searing Ray       |       |       |       |       |       |     7 |       ||     7
         Yara's Violent Un |       |       |       |       |       |    34 |    43 ||    77
 Invoke: Slouch            |       |       |       |       |     2 |       |       ||     2
  Evoke: Wand              |       |       |       |     1 |     4 |     2 |     1 ||     8
         Sack of spiders   |       |       |       |       |     1 |       |       ||     1
    Use: Scroll            |       |     4 |     7 |     4 |    16 |    18 |     6 ||    55
         Potion            |       |       |       |     2 |     2 |    11 |     4 ||    19
   Stab: Distracted        |       |       |       |       |     1 |     1 |       ||     2
 Armour: Robe              |     8 |       |       |       |       |       |       ||     8
         Scale mail        |       |    11 |       |       |       |       |       ||    11
         Chain mail        |       |    29 |    30 |   171 |   490 |   464 |       ||  1184
         Storm dragon scal |       |       |       |       |       |    48 |   183 ||   231
  Dodge: Dodged            |     5 |    13 |    35 |   156 |   452 |   237 |    82 ||   980

Levels and vault maps discovered:
D:1:      dpeg_arrival_leaves_temple_mockup, layout_basic,
          ebering_ecumenical_altar_ruins, minivault_24
D:2:      layout_rooms
D:3:      layout_basic, mainiacjoe_overflow_alcove_4, lemuel_doored_altar,
          tgw_fedhas, gammafunk_ghost_grave, minmay_misc_feat_rugged,
          uniq_terence
D:4:      layout_loops_ring, minmay_temple_entry_mist, portal_sewer_entry_b,
          nicolae_twisty_statue_hallways
D:5:      layout_loops_corners, hangedman_decor_peaks_small, serial_bayou_pond_c
D:6:      layout_basic, mainiacjoe_overflow_small_starburst, serial_shops,
          nicolae_shop_hallway_plus
D:7:      layout_cave_pools, grunt_ministairs_8
D:8:      minmay_angry_zag, layout_loops_cross, kennysheep_diamond,
          minmay_stone_trees_medium
D:9:      layout_basic, mainiacjoe_overflow_tiny_flanked,
          nicolae_overflow_hallway_of_the_gods, due_lair_maze_entry_diamond,
          chequers_serial_rivers_marsh, st_stairs_9, uniq_jeremiah
D:10:     layout_irregular_city, nicolae_gozag_zags_fifth_avenue,
          kennysheep_mini
D:11:     kennysheep_town, uniq_erica, uniq_josephine, uniq_maurice
D:12:     layout_loops_corners, david_orc_1_choice, uniq_psyche, uniq_nessos
D:13:     layout_roguey, evilmike_ruin_ashenzari
D:14:     layout_cave_pools, david_vaults_1, minmay_misc_feat_tiny
D:15:     hangedman_depths_entry_try_elsewhere_first, layout_gridville,
          nicolae_trove_entry_isolated, gauntlet_entry_generic, minivault_15,
          hangedman_abyss_or_decor_passed
Lair:1:   layout_gridlike, gammafunk_ghost_split, beast_lair_carwin_2
Lair:2:   layout_cave_pods, nicolae_shoals_entry_roost,
          minmay_snake_entry_guardpost_medium, chequers_serial_rivers_marsh,
          serial_bayou_shore_b, grunt_megastairs_1, infiniplex_staircase_pool
Lair:3:   layout_long_grid, minmay_shattered_shrine, lemuel_fruit_tree
Lair:4:   layout_loops_ring, dreamdust_gnoll_shepherd
Lair:5:   evil_forest, layout_loops_ring, nicolae_slime_entry_field_trip,
          grunt_megastairs_4, infiniplex_staircase_pool_2, lemuel_fruit_fields
Shoals:1: layout_shoals, uniq_kirke, uniq_jorgrun
Shoals:2: layout_shoals, minmay_shop_enchanted_jewellery,
          nicolae_shoals_circle_sea_wall
Shoals:3: layout_shoals, nicolae_shoals_land_atoll, nicolae_shop_gadgets,
          nicolae_shoals_former_cling_halls
Shoals:4: shoals_end_hellmonk_holy_island, uniq_louise, uniq_donald,
          uniq_bai_suzhen
Snake:1:  layout_layer_cave, serial_shops, shop, grunt_megastairs_3
Snake:2:  layout_grid_shapes, special_room, serial_shops,
          nicolae_shop_real_fake_doors
Snake:3:  layout_layer_cave, serial_shops, bzr_entry_water,
          nicolae_snake_slithery_hallway, nicolae_shop_sticking_my_neck_out,
          nicolae_integral_box, uniq_aizul, uniq_azrael
Snake:4:  snake_pit, layout_misc_corridors, basic_altar,
          nicolae_snake_gridmaze_waves, hangedman_snake_corridor_split,
          uniq_roxanne
Orc:1:    layout_diamond_mine, basic_altar, guppyfry_library_mini
Orc:2:    grunt_orc_cross, layout_caves, portal_ice_cave_rime
Elf:1:    eino_elf_arrival_the_gate, layout_loops_cross, serial_shops,
          bzr_entry_road, minmay_elf_necromancy, wad_dig_loot
Elf:2:    elven_hall_of_blades_hangedman_original
          [nicolae_blade_entry_diamond_columns], layout_geoelf_octagon,
          nicolae_zig_zag_zippers
Elf:3:    minmay_elf_hall_x, layout_geoelf_octagon, serial_shops, shop_statue,
          serial_library_hellmonk_big_corner,
          nicolae_gammafunk_elf_defective_weapons_storage, uniq_boris
Vaults:1: nicolae_vaults_little_squares_6, nicolae_vaults_little_squares_6,
          not_door_vault_mu, nicolae_vaults_alarming, layout_vaults_omnigrid,
          serial_shops, nicolae_shop_crystal

Notes
Turn   | Place    | Note
-------+----------+-------------------------------------------
     0 | D:1      | Drazool the Mountain Dwarf Fire Elementalist began the
                  | quest for the Orb.
     0 | D:1      | Reached XP level 1. HP: 14/14 MP: 3/3
    50 | D:1      | Reached skill level 4 in Fire Magic
    50 | D:1      | Reached XP level 2. HP: 11/20 MP: 0/4
   383 | D:1      | Learned a level 2 spell: Scorch
   458 | D:1      | Reached skill level 5 in Fire Magic
   642 | D:1      | Reached XP level 3. HP: 26/26 MP: 2/5
  1387 | D:1      | Found a faded altar of an unknown god.
  1704 | D:2      | Reached skill level 6 in Fire Magic
  1704 | D:2      | Reached XP level 4. HP: 33/33 MP: 6/6
  1728 | D:1      | Prayed at the altar of an unknown god.
  1728 | D:1      | Became a worshipper of Cheibriados the Contemplative
  1728 | D:1      | Reached * piety under Cheibriados
  1759 | D:1      | Learned a level 3 spell: Inner Flame
  1937 | D:2      | Reached skill level 2 in Spellcasting
  2560 | D:3      | Reached ** piety under Cheibriados
  2561 | D:3      | Reached skill level 3 in Spellcasting
  2561 | D:3      | Reached XP level 5. HP: 38/38 MP: 9/9
  2677 | D:3      | Noticed Terence
  2689 | D:3      | Killed Terence
  3034 | D:3      | Found a shimmering blue altar of Sif Muna.
  3080 | D:3      | Found a runed translucent door.
  3238 | D:3      | Found a broken altar of Ashenzari.
  3328 | D:3      | Noticed Azoth's ghost (amateur MDMo)
  3343 | D:3      | Found a blossoming altar of Fedhas.
  3381 | D:3      | Noticed an oklob plant
  3668 | D:4      | Learned a level 4 spell: Flame Wave
  3826 | D:4      | Found a glowing drain.
  3833 | D:4      | Reached skill level 4 in Spellcasting
  3835 | D:4      | Reached skill level 1 in Armour
  3835 | D:4      | Reached XP level 6. HP: 43/45 MP: 12/12
  3906 | Sewer    | Entered a sewer
  3916 | Sewer    | Reached *** piety under Cheibriados
  3938 | Sewer    | Reached skill level 3 in Armour
  4005 | Sewer    | Reached skill level 1 in Invocations
  4087 | Sewer    | Reached skill level 2 in Invocations
  4343 | Sewer    | Reached **** piety under Cheibriados
  4385 | Sewer    | Reached skill level 3 in Invocations
  4385 | Sewer    | Reached skill level 1 in Conjurations
  4390 | Sewer    | Reached skill level 2 in Conjurations
  4390 | Sewer    | Reached XP level 7. HP: 37/50 MP: 13/13
  4460 | Sewer    | Identified the +3 leather armour of the Tuna {rN+ Int-3
                  | Dex+7 Stlth-}
  4685 | D:4      | Found a staircase to the Ecumenical Temple.
  4711 | D:4      | Reached skill level 3 in Conjurations
  4772 | D:4      | Reached skill level 1 in Fighting
  4912 | D:4      | Identified the +1 chain mail "Arel" {Dex+4}
  5021 | D:4      | Reached skill level 2 in Fighting
  5114 | D:5      | Entered Level 5 of the Dungeon
  5292 | D:5      | Reached skill level 3 in Fighting
  5659 | D:5      | Reached skill level 7 in Fire Magic
  5742 | D:5      | Identified the +2 whip of the Ageing Enemy {freeze, rPois
                  | Will+++ MP+9 Dex-2}
  6253 | D:6      | Reached ***** piety under Cheibriados
  6262 | D:6      | Reached XP level 8. HP: 53/63 MP: 14/14
  6305 | D:6      | Reached skill level 8 in Fire Magic
  6372 | D:6      | Found Belixea's Magic Scroll Shop.
  6383 | D:6      | Bought a scroll of identify for 26 gold pieces
  6383 | D:6      | Bought a scroll of identify for 26 gold pieces
  6403 | D:6      | Reached skill level 4 in Invocations
  6403 | D:6      | Reached skill level 1 in Evocations
  6424 | D:6      | Found an ancient bone altar of Kikubaaqudgha.
  6523 | D:6      | Reached skill level 4 in Fighting
  6739 | D:6      | Reached skill level 4 in Conjurations
  6739 | D:6      | Reached skill level 1 in Hexes
  6926 | D:7      | Identified the +5 short sword "Xiwkaytt" {venom, rCorr}
  6946 | D:7      | Reached skill level 3 in Hexes
  7062 | D:7      | Reached skill level 5 in Invocations
  7229 | D:7      | Reached skill level 6 in Invocations
  7230 | D:7      | Reached XP level 9. HP: 71/71 MP: 15/15
  7234 | D:7      | Reached skill level 7 in Invocations
  7609 | D:8      | Reached skill level 5 in Spellcasting
  7748 | D:8      | Reached skill level 6 in Spellcasting
  7749 | D:8      | Reached skill level 4 in Armour
  7958 | D:8      | Reached skill level 5 in Armour
  8043 | D:8      | Reached skill level 9 in Fire Magic
  8173 | D:8      | Reached skill level 5 in Conjurations
  8173 | D:8      | Reached XP level 10. HP: 78/78 MP: 19/19
  8180 | D:8      | Reached skill level 6 in Armour
  8572 | D:9      | Noticed Jeremiah
  8659 | D:9      | Reached skill level 7 in Armour
  8738 | D:9      | Found a basalt altar of Yredelemnul.
  8744 | D:9      | Found a stormy altar of Qazlal.
  8747 | D:9      | Found a burning altar of Makhleb.
  8747 | D:9      | Found a shadowy altar of Dithmenos.
  8755 | D:9      | Found a snail-covered altar of Cheibriados.
  8892 | D:9      | Reached skill level 10 in Fire Magic
  9090 | D:9      | Reached ****** piety under Cheibriados
  9091 | D:9      | Reached skill level 7 in Spellcasting
  9106 | D:9      | Killed Jeremiah
  9172 | D:9      | Noticed a centaur warrior
  9176 | D:9      | Killed a centaur warrior
  9177 | D:9      | Reached skill level 8 in Spellcasting
  9187 | D:9      | Reached skill level 5 in Fighting
  9277 | D:9      | Found a staircase to the Lair.
  9314 | D:9      | Reached skill level 2 in Evocations
  9407 | D:9      | Reached skill level 3 in Evocations
  9497 | D:9      | Found a sacrificial altar of Ru.
  9504 | D:9      | Reached XP level 11. HP: 72/86 MP: 23/23
  9848 | D:10     | Entered Level 10 of the Dungeon
  9944 | D:10     | Found an opulent altar of Gozag.
  9947 | D:10     | Found Gozag's Platinum Reserve.
 10459 | D:10     | Noticed a two-headed ogre
 10466 | D:10     | Killed a two-headed ogre
 10543 | D:10     | Found an ornate altar of the Wu Jian Council.
 10760 | Lair:1   | Entered Level 1 of the Lair of Beasts
 10785 | Lair:1   | Noticed Oneirical's ghost (novice FeWr)
 10789 | Lair:1   | Found a runed translucent gate.
 10789 | Lair:1   | Found a runed translucent gate.
 10789 | Lair:1   | Found a runed translucent gate.
 10844 | Lair:1   | Reached skill level 9 in Spellcasting
 10862 | Lair:1   | Reached skill level 6 in Conjurations
 10960 | Lair:1   | Reached skill level 8 in Armour
 11074 | Lair:1   | Reached skill level 8 in Invocations
 11388 | Lair:1   | Reached skill level 9 in Invocations
 11511 | Lair:1   | Reached skill level 6 in Fighting
 11578 | Lair:1   | Reached skill level 7 in Fighting
 11583 | Lair:1   | Reached skill level 8 in Fighting
 11592 | Lair:1   | Reached XP level 12. HP: 86/101 MP: 7/25
 11876 | Lair:1   | Identified the +0 robe "Yryerec" {-Cast Harm rF+ rN+}
 12314 | Lair:2   | Found a staircase to the Shoals.
 12376 | Lair:2   | Reached skill level 10 in Spellcasting
 12437 | Lair:2   | Found a staircase to the Snake Pit.
 12512 | Lair:2   | Noticed an eight-headed hydra
 12519 | Lair:2   | Killed an eight-headed hydra
 12520 | Lair:2   | Reached skill level 9 in Armour
 12931 | Lair:2   | Reached skill level 10 in Armour
 13579 | Lair:3   | Reached skill level 7 in Conjurations
 13814 | Lair:3   | Reached skill level 8 in Conjurations
 13819 | Lair:3   | Learned a level 4 spell: Fulminant Prism
 13847 | Lair:3   | Reached skill level 4 in Hexes
 13866 | Lair:3   | Reached skill level 5 in Hexes
 14127 | Lair:3   | Reached skill level 1 in Alchemy
 14199 | Lair:3   | Reached skill level 2 in Alchemy
 14324 | Lair:3   | Reached XP level 13. HP: 98/107 MP: 27/27
 14327 | Lair:3   | Reached skill level 3 in Alchemy
 14787 | Lair:3   | Reached skill level 4 in Alchemy
 14987 | Lair:3   | Reached skill level 10 in Invocations
 15391 | Lair:4   | Reached skill level 11 in Invocations
 15609 | Lair:4   | Reached skill level 11 in Fire Magic
 16177 | Lair:4   | Reached skill level 12 in Fire Magic
 16283 | Lair:4   | Reached skill level 1 in Maces & Flails
 16300 | Lair:4   | Reached skill level 2 in Maces & Flails
 16513 | Lair:4   | Reached skill level 3 in Maces & Flails
 16564 | Lair:4   | Reached skill level 4 in Maces & Flails
 16669 | Lair:4   | Reached skill level 5 in Maces & Flails
 16670 | Lair:4   | Reached skill level 6 in Maces & Flails
 17066 | Lair:5   | Entered Level 5 of the Lair of Beasts
 17189 | Lair:5   | Reached skill level 11 in Armour
 17328 | Lair:5   | Reached XP level 14. HP: 111/115 MP: 28/28
 17414 | Lair:5   | Found a staircase to the Slime Pits.
 17550 | Lair:5   | Reached skill level 12 in Armour
 17691 | Lair:5   | Reached skill level 9 in Fighting
 18241 | Lair:5   | Reached skill level 10 in Fighting
 18920 | Lair:5   | Found a burning altar of Makhleb.
 18943 | Lair:5   | Reached skill level 13 in Fire Magic
 19136 | Lair:4   | Learned a level 2 spell: Searing Ray
 19141 | Lair:4   | Learned a level 4 spell: Sticky Flame
 19248 | D:6      | Bought a scroll of acquirement for 676 gold pieces
 19248 | D:6      | Bought a scroll of enchant armour for 97 gold pieces
 19724 | Lair:5   | Found a gateway to Hell.
 20006 | D:11     | Noticed Maurice
 20028 | D:11     | Killed Maurice
 20294 | D:11     | Noticed Josephine
 20301 | D:11     | Reached skill level 14 in Fire Magic
 20304 | D:11     | Killed Josephine
 20994 | D:11     | Noticed Erica
 20997 | D:11     | Killed Erica
 21328 | D:11     | Identified the +2 ring mail "Bischyoca" {rN+ Int-2 Dex+4}
 21811 | D:11     | Reached skill level 11 in Spellcasting
 21941 | D:11     | Found a hazy altar of Hepliaklqana.
 22364 | D:11     | Upgraded the game from 0.32-a0-314-g526f7d4993 to
                  | 0.32-a0-329-ge6c31236d6
 22656 | D:12     | Acquired 469 gold pieces
 22666 | D:12     | Found a staircase to the Orcish Mines.
 23050 | D:12     | Noticed Psyche
 23317 | D:12     | Killed Psyche
 23385 | D:12     | Reached XP level 15. HP: 126/126 MP: 30/30
 23530 | D:12     | Noticed Nessos
 23536 | D:12     | Killed Nessos
 24152 | Orc:1    | Entered Level 1 of the Orcish Mines
 24158 | Orc:1    | Found a roughly hewn altar of Beogh.
 24283 | Orc:2    | Entered Level 2 of the Orcish Mines
 24299 | Orc:2    | Reached skill level 12 in Spellcasting
 24431 | Orc:2    | Found a frozen archway.
 24489 | IceCv    | Entered an ice cave
 25232 | IceCv    | Identified the +1 plate armour of the Trees {Harm Rampage
                  | Int-3}
 25236 | IceCv    | Identified the +8 mace "Lioloxt" {freeze, SInv}
 25394 | Orc:2    | Found a staircase to the Elven Halls.
 25426 | Orc:2    | Reached skill level 9 in Conjurations
 25610 | Orc:2    | Noticed Nergalle
 25616 | Orc:2    | Killed Nergalle
 25665 | Orc:2    | Reached skill level 12 in Invocations
 25879 | Orc:2    | Reached skill level 11 in Fighting
 26073 | Orc:2    | Found a roughly hewn altar of Beogh.
 26074 | Orc:2    | Found Qebluocs's Book Emporium.
 26084 | Orc:2    | Bought Great Wizards, Vol. VII for 510 gold pieces
 26088 | Orc:2    | Learned a level 3 spell: Tukima's Dance
 26094 | Orc:2    | Learned a level 5 spell: Yara's Violent Unravelling
 26112 | Orc:2    | Found Wener's Antique Armour Emporium.
 26118 | Orc:2    | Bought a transparent chain mail for 237 gold pieces
 26118 | Orc:2    | Identified the +6 chain mail of Axtavoq {rElec rF- rCorr
                  | Stlth+} (You bought it in a shop on level 2 of the Orcish
                  | Mines)
 26138 | Orc:2    | Found Huaruif's Antique Weapon Emporium.
 26154 | Orc:2    | Found Yteloseo's General Store.
 26161 | Orc:2    | Bought a potion of resistance for 110 gold pieces
 26161 | Orc:2    | Bought a scroll of identify for 22 gold pieces
 26161 | Orc:2    | Bought a scroll of enchant weapon for 82 gold pieces
 26774 | Orc:1    | Learned a level 5 spell: Fireball
 26993 | Orc:1    | Reached skill level 6 in Hexes
 27327 | D:13     | Found a broken altar of Ashenzari.
 27518 | D:13     | Reached skill level 7 in Hexes
 28543 | D:14     | Reached skill level 8 in Hexes
 28957 | D:14     | Reached skill level 9 in Hexes
 29386 | D:14     | Reached skill level 10 in Hexes
 29386 | D:14     | Reached XP level 16. HP: 137/137 MP: 32/32
 29604 | D:14     | Found a gate to the Vaults.
 29769 | D:15     | Entered Level 15 of the Dungeon
 29816 | D:15     | Found a gate leading to a gauntlet.
 29869 | Gauntlet | Entered a Gauntlet
 29869 | Gauntlet | Found a transporter.
 29973 | Gauntlet | Found a transporter.
 29975 | Gauntlet | Found a transporter.
 29976 | Gauntlet | Found a transporter.
 29984 | Gauntlet | Found a transporter.
 29987 | Gauntlet | Found a transporter.
 29988 | Gauntlet | Found a transporter.
 30018 | Gauntlet | Found a transporter.
 30021 | Gauntlet | Found a transporter.
 30022 | Gauntlet | Found a transporter.
 30033 | Gauntlet | Found a transporter.
 30033 | Gauntlet | Found a transporter.
 30034 | Gauntlet | Found a transporter.
 30040 | Gauntlet | Found a runed translucent gate.
 30040 | Gauntlet | Found a runed translucent gate.
 30040 | Gauntlet | Found a runed translucent gate.
 30042 | Gauntlet | Found a transporter.
 30446 | Gauntlet | Reached skill level 5 in Alchemy
 30578 | Gauntlet | Identified the ring of the Invisible Hand {rElec rF+ rN+}
 30598 | Gauntlet | Identified the +3 hat of the Devil's Advocate {Fly rElec
                  | Str+3 Stlth+}
 30629 | Gauntlet | Identified the ring "Ydenkoh" {rCorr Dex+6}
 30770 | D:15     | Found a portal to a secret trove of treasure.
 30994 | D:15     | Reached skill level 6 in Alchemy
 31137 | D:15     | Gained mutation: You occasionally lose the ability to read
                  | scrolls when taking damage. [potion of mutation]
 31138 | D:15     | Lost mutation: You occasionally lose the ability to read
                  | scrolls when taking damage. [potion of mutation]
 31138 | D:15     | Gained mutation: You have sharp toenails. [potion of
                  | mutation]
 31138 | D:15     | Gained mutation: You are partially covered in iridescent
                  | scales. (AC +2) [potion of mutation]
 31138 | D:15     | Gained mutation: You have razor-sharp toenails. [potion of
                  | mutation]
 31316 | D:15     | Found a staircase to the Depths.
 32010 | Snake:1  | Entered Level 1 of the Snake Pit
 32034 | Snake:1  | Reached skill level 15 in Fire Magic
 32080 | Snake:1  | Identified a +2 robe of resistance
 32473 | Snake:1  | Found Derimecs's Distillery.
 32489 | Snake:1  | Bought a potion of heal wounds for 90 gold pieces
 32489 | Snake:1  | Bought a potion of might for 72 gold pieces
 32489 | Snake:1  | Bought a potion of curing for 54 gold pieces
 32489 | Snake:1  | Bought a potion of curing for 54 gold pieces
 32489 | Snake:1  | Bought a potion of heal wounds for 90 gold pieces
 32489 | Snake:1  | Bought a potion of cancellation for 144 gold pieces
 32489 | Snake:1  | Bought a potion of curing for 54 gold pieces
 32489 | Snake:1  | Bought a potion of cancellation for 144 gold pieces
 32969 | Snake:1  | Reached skill level 16 in Fire Magic
 33123 | Snake:1  | Acquired 727 gold pieces
 34484 | Snake:2  | Found Fosaarar's Jewellery Boutique.
 35215 | Snake:3  | Reached skill level 17 in Fire Magic
 35318 | Snake:3  | Found a flickering gateway to a bazaar.
 35334 | Bazaar   | Entered a bazaar
 35458 | Bazaar   | Found Voevim's Jewellery Emporium.
 35474 | Bazaar   | Found Wihukk's General Store.
 35477 | Bazaar   | Found Dacrireg's Assorted Antiques.
 35488 | Bazaar   | Bought a scroll of acquirement for 624 gold pieces
 35488 | Bazaar   | Acquired the +2 pair of boots of Dogma {rElec rN+++ Regen+
                  | Slay-4}
 35504 | Bazaar   | Found Jexkouq's Weapon Emporium.
 35527 | Bazaar   | Bought a wand of roots (5) for 108 gold pieces
 35787 | Snake:3  | Identified the serpent talisman of the Bespelling Gods
                  | {rN+}
 35787 | Snake:3  | Noticed Aizul
 35795 | Snake:3  | Killed Aizul
 35796 | Snake:3  | Reached skill level 12 in Fighting
 36168 | Snake:3  | Noticed Azrael
 36177 | Snake:3  | Killed Azrael
 36365 | Snake:3  | Found Niricuno's Neck Hole.
 36368 | Snake:3  | Bought a scarf of resistance for 448 gold pieces
 36555 | Snake:3  | Reached skill level 13 in Fighting
 37278 | Snake:4  | Entered Level 4 of the Snake Pit
 37296 | Snake:4  | Reached XP level 17. HP: 124/149 MP: 33/33
 37487 | Snake:4  | Reached skill level 13 in Armour
 37979 | Snake:4  | Found a hazy altar of Hepliaklqana.
 38278 | Snake:4  | Reached skill level 14 in Armour
 38808 | Snake:4  | Noticed Roxanne
 38914 | Snake:4  | Reached skill level 10 in Conjurations
 39462 | Snake:4  | Reached skill level 11 in Conjurations
 39812 | Snake:4  | Got a serpentine rune of Zot
 40027 | Snake:4  | Killed Roxanne
 40215 | Shoals:1 | Entered Level 1 of the Shoals
 40628 | Shoals:1 | Reached skill level 12 in Conjurations
 40639 | Shoals:1 | Noticed Jorgrun
 40646 | Shoals:1 | Killed Jorgrun
 40808 | Shoals:1 | Reached skill level 4 in Evocations
 40956 | Shoals:1 | Gained mutation: Potions are less effective at restoring
                  | your health. [you]
 40969 | Shoals:1 | Noticed Kirke
 40975 | Shoals:1 | Killed Kirke
 41063 | Snake:1  | Bought a potion of mutation for 144 gold pieces
 41753 | Shoals:2 | Found Fegegg's Jewellery Shop.
 41759 | Shoals:2 | Reached skill level 11 in Hexes
 42591 | Shoals:3 | Reached XP level 18. HP: 153/157 MP: 13/34
 42829 | Shoals:3 | Reached skill level 7 in Alchemy
 43291 | Shoals:3 | Reached skill level 8 in Alchemy
 43773 | Shoals:3 | Found Fugeus's Gadget Gallery.
 44075 | Shoals:4 | Entered Level 4 of the Shoals
 44075 | Shoals:4 | Noticed Donald
 44137 | Shoals:4 | Noticed Louise
 44159 | Shoals:3 | Killed Louise
 44470 | Shoals:4 | Killed Donald
 44474 | Shoals:4 | Reached skill level 13 in Spellcasting
 44764 | Shoals:4 | Identified the +9 great mace "Testudinebane" {freeze, Will+
                  | rCorr}
 44846 | Shoals:4 | Noticed Bai Suzhen
 45329 | Shoals:4 | Found a glowing silver altar of Zin.
 45346 | Shoals:4 | Got a barnacled rune of Zot
 45361 | Shoals:4 | Killed Bai Suzhen
 45454 | Shoals:3 | Upgraded the game from 0.32-a0-329-ge6c31236d6 to
                  | 0.32-a0-350-g4f4d228785
 45526 | Shoals:4 | Found a glowing golden altar of the Shining One.
 45668 | Shoals:4 | Reached skill level 14 in Spellcasting
 45778 | Shoals:4 | Identified the staff of the Fray {rC+ rN+ Necro}
 45780 | Shoals:4 | Identified the +7 orcbow of the Summoning Gods {antimagic,
                  | Int+3 Dex+2}
 45857 | Shoals:4 | Found a white marble altar of Elyvilon.
 46683 | Elf:1    | Entered Level 1 of the Elven Halls
 46716 | Elf:1    | Reached skill level 13 in Conjurations
 46771 | Elf:1    | Found a flickering gateway to a bazaar.
 46876 | Bazaar   | Entered a bazaar
 46876 | Bazaar   | Found Usaoxkot's Antique Armour Boutique.
 46876 | Bazaar   | Found Qoqe Ryt's Magic Scroll Shoppe.
 46876 | Bazaar   | Found Suesuekk's Assorted Antiques.
 46878 | Bazaar   | Found Tionimau's Book Emporium.
 46878 | Bazaar   | Found Aquhoz's Antique Armour Shop.
 46921 | Bazaar   | Bought a book of Annihilations for 840 gold pieces
 46932 | Bazaar   | Learned a level 9 spell: Fire Storm
 47048 | Elf:1    | Paralysed by an air elemental for 1 turns
 47115 | Elf:1    | Reached XP level 19. HP: 163/163 MP: 20/37
 47175 | Elf:1    | You are sucked into a shaft and drop 1 floor!
 47183 | Elf:2    | HP: 15/163 [deep elf archer/arrow (19)]
 47810 | Elf:1    | Got the Catalogue of the Necropsy
 48055 | Elf:1    | Reached skill level 18 in Fire Magic
 48369 | Elf:2    | Found a runed translucent gate.
 48369 | Elf:2    | Found a runed translucent gate.
 48370 | Elf:2    | Found a runed translucent gate.
 48641 | Elf:2    | Reached skill level 19 in Fire Magic
 49073 | Elf:3    | Entered Level 3 of the Elven Halls
 49118 | Elf:3    | Found Adeceoq's Distillery.
 49148 | Elf:3    | Found a runed translucent gate.
 49148 | Elf:3    | Found a runed translucent gate.
 49148 | Elf:3    | Found a runed translucent gate.
 49163 | Elf:3    | Bought a potion of mutation for 120 gold pieces
 49163 | Elf:3    | Lost mutation: You are partially covered in iridescent
                  | scales. (AC +2) [potion of mutation]
 49163 | Elf:3    | Lost mutation: Potions are less effective at restoring your
                  | health. [potion of mutation]
 49163 | Elf:3    | Lost mutation: You have razor-sharp toenails. [potion of
                  | mutation]
 49163 | Elf:3    | Gained mutation: You are partially covered in large bone
                  | plates. (SH +4) [potion of mutation]
 49163 | Elf:3    | Gained mutation: You are agile. (Dex +4, Str/Int -1)
                  | [potion of mutation]
 49511 | Elf:3    | Identified the +2 robe of the Lost Thickets {rC+ Str+3}
 49511 | Elf:3    | Noticed Boris
 49525 | Elf:2    | Killed Boris
 50226 | Elf:3    | Reached skill level 20 in Fire Magic
 50229 | Elf:3    | Identified the ring of Adwaeher {rC+ Dex+2}
 50234 | Elf:3    | Paralysed by an air elemental for 1 turns
 50238 | Elf:3    | Paralysed by an air elemental for 1 turns
 50251 | Elf:3    | Noticed a Brimstone Fiend
 50487 | Elf:3    | Identified the amulet "Weos" {Reflect +Inv Will- Dex+8
                  | SH+5}
 50522 | Elf:3    | Identified the amulet "Ibefurgh" {Regen+ Slay+2}
 50710 | Elf:3    | Reached skill level 21 in Fire Magic
 50862 | Elf:3    | Identified the +5 ring mail of Negation {rF+ rN+}
 51103 | Elf:3    | Found the +2 pair of slick slippers {slick, slippery, EV+4}
 51183 | Elf:3    | Identified the +3 pair of boots of Boiling Hail {rC+
                  | Regen+}
 51230 | Elf:3    | Upgraded the game from 0.32-a0-350-g4f4d228785 to
                  | 0.32-a0-361-g289a535e89
 51519 | Vaults:1 | Entered Level 1 of the Vaults
 51916 | Vaults:1 | Slain by a dire elephant

Vanquished Creatures
  Boris (Elf:2)
  Bai Suzhen (Shoals:4)
  Jorgrun (Shoals:1)
  A kraken (Shoals:4)
  A sphinx (Vaults:1)
  2 deep elf master archers (Elf:3)
  Aizul (Snake:3)
  Kirke (Shoals:1)
  Donald (Shoals:4)
  3 nagarajas (Snake:4)
  Roxanne (Snake:4)
  Louise (Shoals:3)
  4 deep elf elementalists (Elf:3)
  7 deep elf sorcerers
  An ironbound preserver (Vaults:1)
  An angel (Shoals:3)
  An orc warlord (Orc:2)
  Nessos (D:12)
  7 deep elf death magi
  A dire elephant (Vaults:1)
  6 deep elf annihilators (Elf:3)
  2 deep elf demonologists (Elf:3)
  A minotaur (Gauntlet)
  Azrael (Snake:3)
  8 merfolk javelineers (Shoals:4)
  9 merfolk impalers
  A yaktaur captain (Vaults:1)
  7 deep elf high priests (Elf:3)
  Josephine (D:11)
  A rakshasa (D:15)
  4 salamander tyrants
  An ironbound frostheart (Vaults:1)
  An entropy weaver (Vaults:1)
  6 hydras
  A hell beast (Gauntlet)
  A merfolk avatar (Shoals:2)
  3 catoblepae
  7 centaur warriors
  10 anacondas
  An ogre mage (Orc:2)
  6 merfolk aquamancers
  A satyr (Shoals:3)
  5 death yaks
  10 two-headed ogres
  Erica (D:11)
  A boulder beetle (Lair:3)
  2 tengu warriors (D:15)
  11 naga warriors
  12 dancing weapons
  13 naga sharpshooters
  Nergalle (Orc:2)
  11 shock serpents
  11 deep elf knights
  3 orc high priests
  A skyshark (Lair:4)
  8 salamander mystics
  A sixfirhy (Lair:5)
  11 sea snakes
  5 cherubim
  3 naga ritualists (Snake:4)
  3 mana vipers
  5 deep trolls (Vaults:1)
  12 deep elf archers
  3 arcanists
  16 deep elf zephyrmancers
  27 harpies
  2 necromancers (Elf:1)
  A lindwurm (Lair:3)
  A wolf spider (D:15)
  5 orc knights
  9 ugly things
  32 deep elf pyromancers
  An orc sorcerer (Orc:2)
  3 large abominations (Elf:1)
  4 cyclopes
  Maurice (D:11)
  A salamander (shapeshifter) (D:14)
  9 salamanders
  14 manticores
  7 fauns
  29 elephants
  A meliai (shapeshifter) (Elf:2)
  27 black mambas
  A smoke demon (Lair:5)
  4 water nymphs
  3 guardian serpents
  4 ice statues
  3 kobold blastminers
  A guardian serpent (shapeshifter) (Elf:1)
  15 naga magi
  2 vault sentinels (Vaults:1)
  6 merfolk sirens
  A black mamba (shapeshifter) (D:15)
  12 cane toads
  A torpor snail (Lair:3)
  4 orange demons (Lair:5)
  2 gargoyles
  9 rime drakes
  Jeremiah (D:9)
  A freezing wraith (IceCv)
  4 yaktaurs (Vaults:1)
  2 efreet
  19 komodo dragons
  Psyche (D:12)
  2 tengu conjurers
  An ice devil (Lair:5)
  A troll (shapeshifter) (Elf:2)
  A polar bear (shapeshifter) (D:15)
  24 merfolk
  A hornet (D:8)
  7 trolls
  8 blink frogs
  3 wind drakes
  15 dream sheep
  5 snapping turtles
  A raiju (Gauntlet)
  2 tyrant leeches (Gauntlet)
  12 slime creatures
  2 shadows
  2 air elementals
  10 wyverns
  A ynoxinul (Gauntlet)
  2 yaks (shapeshifter)
  15 water elementals
  5 wraiths
  80 yaks
  2 fire elementals (Snake:3)
  5 hogs
  4 basilisks
  4 wargs
  6 vampire mosquitoes
  A death yak simulacrum (IceCv)
  2 redbacks (Vaults:1)
  4 steam dragons
  38 nagas
  5 swamp worms (Gauntlet)
  13 hell hounds
  22 water moccasins
  3 acid dragons
  3 hydra simulacra (IceCv)
  32 orc warriors
  2 crocodiles (Sewer)
  29 wolves
  9 black bears
  3 ogres
  6 centaurs
  2 phantoms
  3 elf zombies (Elf:1)
  An earth elemental (Elf:1)
  6 kobold brigands
  2 gnoll sergeants
  2 scorpions
  21 bullfrogs
  9 wights
  6 electric eels
  9 howler monkeys
  A bombardier beetle (D:6)
  3 hounds
  6 jellies
  5 gnoll boudas
  12 orc priests
  3 iron imps (Gauntlet)
  2 iguanas
  Terence (D:3)
  20 orc wizards
  A sickly merfolk siren (Sewer)
  A malarious merfolk avatar (Sewer)
  3 polar bear simulacra (IceCv)
  A wolf simulacrum (IceCv)
  9 gnolls
  10 adders
  3 river rats
  3 white imps (D:8)
  4 ribbon worms
  65 orcs
  11 ball pythons
  7 endoplasms
  5 giant cockroaches
  9 goblins
  8 hobgoblins
  3 jackals (D:2)
  25 kobolds
  7 quokkas
  5 bats
  8 frilled lizards
  27 rats
  A foxfire (Orc:2)
  A tentacle (Shoals:4)
1260 creatures vanquished.

Vanquished Creatures (collateral kills)
  2 centaur warriors
  A boulder beetle (D:12)
  2 two-headed ogres
  A naga warrior (Snake:4)
  4 tengu warriors
  3 naga sharpshooters
  A deep elf knight (Elf:1)
  A salamander mystic (Snake:4)
  2 naga ritualists
  4 orc knights
  2 deep elf zephyrmancers (Elf:1)
  A manticore (Shoals:2)
  4 salamanders (Snake:4)
  2 naga magi (Snake:4)
  A gargoyle (D:13)
  3 merfolk
  A slime creature (D:13)
  7 nagas
  3 orc warriors
  2 centaurs (D:14)
  2 orc wizards (Orc:1)
  An orc (Orc:1)
  2 foxfires
52 creatures vanquished.

Vanquished Creatures (others)
  9 dancing weapons
  A komodo dragon (Lair:5)
  1184 foxfires
  206 fulminant prisms
  11 tentacles (Shoals:4)
1411 creatures vanquished.

Grand Total: 2723 creatures vanquished

Table legend: (Time is in decaauts)
 A = Elapsed time spent in this place.
 B = Non-inter-level travel time spent in this place.
 C = Inter-level travel time spent in this place.
 D = Time resting spent in this place.
 E = Time spent auto-exploring this place.
 F = Levels seen in this place.
 G = Mean time per level.
                   A        B        C        D        E       F      G
               +--------+--------+--------+--------+--------+-----+--------+
         Total |  75611 |  69935 |   5676 |   9529 |  48634 |  39 | 1938.7 |
       Dungeon |  26928 |  24361 |   2567 |   2363 |  18821 |  15 | 1795.2 |
          Lair |  13571 |  12449 |   1122 |   1586 |   9168 |   5 | 2714.2 |
        Shoals |   8870 |   8311 |    559 |   1908 |   5341 |   4 | 2217.5 |
     Snake Pit |  12006 |  11366 |    640 |   1240 |   8788 |   4 | 3001.5 |
  Orcish Mines |   3722 |   3355 |    367 |    360 |   2021 |   2 | 1861.0 |
   Elven Halls |   6836 |   6419 |    417 |   1413 |   3015 |   3 | 2278.7 |
        Vaults |    338 |    338 |      0 |    143 |     40 |   1 |  338.0 |
        Bazaar |    382 |    382 |      0 |      0 |    267 |   2 |  191.0 |
         Sewer |    948 |    948 |      0 |      6 |    652 |   1 |  948.0 |
      Ice Cave |    986 |    986 |      0 |    510 |     21 |   1 |  986.0 |
      Gauntlet |   1020 |   1020 |      0 |      0 |    499 |   1 | 1020.0 |
               +--------+--------+--------+--------+--------+-----+--------+

Top non-repeatable levels by time:
    D:11: 3950 daAuts
 Snake:3: 3555 daAuts
Shoals:3: 3554 daAuts
 Snake:1: 3166 daAuts
 Snake:4: 3049 daAuts
  Lair:5: 3022 daAuts
  Lair:4: 2959 daAuts
   Elf:3: 2883 daAuts
    D:12: 2754 daAuts
  Lair:3: 2742 daAuts
    D:13: 2572 daAuts
  Lair:2: 2531 daAuts
  Lair:1: 2315 daAuts
   Orc:2: 2265 daAuts
 Snake:2: 2234 daAuts

Table legend:
 A = Non-vault XP
 B = Vault XP
 C = Vault XP percentage of total XP
 D = Non-vault monster count
 E = Vault monster count
 F = Vault count percentage of total count
                 A         B        C        D         E       F
            +---------+---------+-------+---------+---------+-------
      Total |  290840 |  180129 |  38.2 |     854 |     449 |  34.5
            +---------+---------+-------+---------+---------+-------
        D:1 |      77 |       0 |   0.0 |      25 |       0 |   0.0
        D:2 |      88 |       0 |   0.0 |      19 |       0 |   0.0
        D:3 |     115 |      37 |  24.3 |      21 |       1 |   4.5
        D:4 |     201 |      61 |  23.3 |       9 |       9 |  50.0
        D:5 |     316 |       0 |   0.0 |      20 |       0 |   0.0
        D:6 |     837 |       0 |   0.0 |      21 |       0 |   0.0
        D:7 |     949 |     196 |  17.1 |       9 |       7 |  43.8
        D:8 |    2195 |     910 |  29.3 |      19 |       8 |  29.6
        D:9 |    2339 |    2285 |  49.4 |      18 |      12 |  40.0
       D:10 |    1617 |       0 |   0.0 |      16 |       0 |   0.0
       D:11 |    4057 |    9782 |  70.7 |      32 |      46 |  59.0
       D:12 |    7368 |    1982 |  21.2 |      24 |      11 |  31.4
       D:13 |    7753 |       0 |   0.0 |      16 |       0 |   0.0
       D:14 |    9821 |    4949 |  33.5 |      21 |       8 |  27.6
       D:15 |   10034 |    2694 |  21.2 |      17 |       5 |  22.7
     Lair:1 |    9132 |     465 |   4.8 |      41 |       4 |   8.9
     Lair:2 |    4351 |    2716 |  38.4 |      19 |      16 |  45.7
     Lair:3 |    8712 |    4887 |  35.9 |      37 |      12 |  24.5
     Lair:4 |   16316 |    1067 |   6.1 |      34 |       5 |  12.8
     Lair:5 |   11603 |   10379 |  47.2 |      38 |      31 |  44.9
   Shoals:1 |    9688 |    3950 |  29.0 |      17 |       6 |  26.1
   Shoals:2 |    8314 |       0 |   0.0 |      18 |       0 |   0.0
   Shoals:3 |   26026 |    6314 |  19.5 |      51 |       7 |  12.1
   Shoals:4 |   13223 |   26450 |  66.7 |      26 |      33 |  55.9
    Snake:1 |   11690 |     862 |   6.9 |      24 |       2 |   7.7
    Snake:2 |    9200 |       0 |   0.0 |      25 |       0 |   0.0
    Snake:3 |   19692 |    3657 |  15.7 |      35 |      10 |  22.2
    Snake:4 |   22014 |   27942 |  55.9 |      33 |      48 |  59.3
      Orc:1 |    4289 |     421 |   8.9 |      26 |       9 |  25.7
      Orc:2 |    3662 |   13933 |  79.2 |      34 |      39 |  53.4
      Elf:1 |   23081 |    7760 |  25.2 |      39 |      15 |  27.8
      Elf:2 |   18526 |    3282 |  15.0 |      29 |       1 |   3.3
      Elf:3 |   11169 |   34784 |  75.7 |      23 |      32 |  58.2
   Vaults:1 |   12385 |     449 |   3.5 |      18 |       1 |   5.3
      Sewer |       0 |     427 | 100.0 |       0 |      40 | 100.0
      IceCv |       0 |    3047 | 100.0 |       0 |      13 | 100.0
   Gauntlet |       0 |    4441 | 100.0 |       0 |      18 | 100.0
            +---------+---------+-------+---------+---------+-------
